 Dungeon Crawl Stone Soup version 0.22-b1-26-g9dbaab1 (webtiles) character file.

3192 poirepourri the Cleaver (level 9, -9/93 HPs)
             Began as a Deep Dwarf Fighter on Aug 8, 2018.
             Mangled by an ice beast (10 damage)
             ... on level 8 of the Dungeon.
             The game lasted 00:09:03 (6139 turns).

poirepourri the Cleaver (Deep Dwarf Fighter)        Turns: 6139, Time: 00:09:04

Health: -9/93      AC:  4    Str: 21    XL:     9   Next: 64%
Magic:  7/7        EV:  7    Int: 14    God:
Gold:   338        SH: 10    Dex: 15    Spells: 8/8 levels left

rFire    + + .     SeeInvis +   h - +2 war axe (chop)
rCold    . . .     Gourm    .   c - +1 shield
rNeg     . . .     Faith    .   b - +0 scale mail
rPois    .         Spirit   .   (no helmet)
rElec    .         Reflect  .   k - +1 cloak
rCorr    .         Harm     .   i - -6 pair of gloves of the Hills {rF++ Int+6 SInv} (curse)
MR       +....                  (no boots)
Stlth    ..........             (no amulet)
HPRegen  0.00/turn              (no ring)
MPRegen  0.10/turn              (no ring)

@: non-regenerating
A: damage resistance, heal wounds, sense surroundings 2, no regeneration
a: Heal Wounds


You were on level 8 of the Dungeon.
You were very full.

You visited 2 branches of the dungeon, and saw 9 of its levels.
You also visited: Ossuary.

You collected 338 gold pieces.

Inventory:

Hand Weapons
 a - a +3 war axe
 h - a +2 war axe of chopping (weapon)
Missiles
 e - 66 bolts
 s - 3 throwing nets (quivered)
Armour
 b - a +0 scale mail (worn)
 c - a +1 shield (worn)
 i - the cursed -6 pair of gloves of the Hills (worn) {rF++ Int+6 SInv}
   (You found it on level 7 of the Dungeon)

   It affects your intelligence (+6).
   It greatly protects you from fire.
   It lets you see invisible.
   It has a curse placed upon it.
 k - a +1 cloak (worn)
Jewellery
 t - a cursed amulet of inaccuracy {unknown}
Wands
 u - a wand of random effects (15)
Scrolls
 j - 2 scrolls of teleportation
 m - 6 scrolls of remove curse
 n - 4 scrolls of amnesia
 v - a scroll of magic mapping
Potions
 d - a potion of flight
 g - 4 potions of mutation
 l - 2 potions of might
 o - 4 potions of cancellation
 p - 2 potions of lignification
 r - 3 potions of haste
Comestibles
 f - 11 rations


   Skills:
 + Level 9.7 Fighting
 - Level 10.2 Axes
 - Level 3.2 Armour
 - Level 3.2 Shields


You had 8 spell levels left.
You didn't know any spells.
Your spell library contained the following spells:

 Spells                   Type           Power        Failure   Level  Hunger
 Magic Dart               Conj           #...         98%         1    ##.....
 Conjure Flame            Conj/Fire      #.......     100%        3    ####...
 Slow                     Hex            #.......     99%         2    ###....
 Confuse                  Hex            #.......     100%        3    ####...
 Mephitic Cloud           Conj/Pois/Air  #.......     100%        3    ####...
 Blink                    Tloc           N/A          99%         2    ###....
 Call Imp                 Summ           #.......     99%         2    ###....
 Spider Form              Tmut/Pois      #.........   100%        3    ####...
 Blade Hands              Tmut           #.........   100%        5    ######.
 Ice Form                 Ice/Tmut       #.......     100%        4    #####..
 Confusing Touch          Hex            #.....       98%         1    ##.....
 Sticks to Snakes         Tmut           #.......     99%         2    ###....
 Metabolic Englaciation   Hex/Ice        #.........   100%        5    ######.
 Petrify                  Tmut/Erth      #.......     100%        4    #####..
 Beastly Appendage        Tmut           #.....       98%         1    ##.....
 Gell's Gravitas          Tloc           #.........   100%        3    ####...
 Yara's Violent Unravell  Hex/Tmut       #.........   100%        5    ######.


Dungeon Overview and Level Annotations

Branches:
Dungeon (8/15)             Temple (1/1) D:6
   Lair: D:8-11

Altars:
Ashenzari
Cheibriados
Dithmenos
Elyvilon
Gozag
Hepliaklqana
Kikubaaqudgha
Nemelex Xobeh
Okawaru
Qazlal
Ru
Trog
Uskayaw
Vehumet
Wu Jian
Xom
Yredelemnul
Zin
The Shining One

Annotations:
D:8 Joseph


Innate Abilities, Weirdness & Mutations

You are resistant to damage.
You can heal yourself by infusing magical energy.
You passively map the area around you.
You do not regenerate.


Message History

You block the ice beast's attack.
Your shield and scale mail prevent you from hitting the ice beast.
The ice beast is moderately wounded.
The ice beast barely misses you.
You completely miss the ice beast.
The ice beast is moderately wounded.
The ice beast closely misses you.
You hit the ice beast.
The ice beast is moderately wounded.
The ice beast hits you.
* * * LOW HITPOINT WARNING * * *
The ice beast freezes you!
* * * LOW HITPOINT WARNING * * *
You slash the ice beast!
The ice beast is severely wounded.
A bullfrog comes into view.
The ice beast hits you.
* * * LOW HITPOINT WARNING * * *
The ice beast freezes you!
You die...

#.##.############# *
#.##.##........F. *
#.#...#.#.####.# * **
######..............#
* *
#..†.......####.....#
* #.####...[.#
#.....# , #.#
#.....####....## *
#.# #..####.#.###.# *
#.# #..# #.#@## .# *
* #.# ##.# #Y#.# . *
_, #.# #.# #.#.## *
.., * #.# #....####,
, #. * ## #.# *.... *
,, , , ,,@.. #.###
#... * , * , ...
#...# #..., , ,, ,
###.# ###* ** * ,, *
#.# * , * , *


You could see an ice beast and a bullfrog (wandering).

Vanquished Creatures
  A hippogriff (D:8)
  2 wraiths (D:7)
  Menkaure (D:6)
  2 ice beasts (D:5)
  2 ogres
  A necrophage (D:7)
  A centaur (D:6)
  2 bullfrogs
  A wyvern skeleton (D:4)
  A troll zombie (D:7)
  A scorpion (D:5)
  5 wights (D:6)
  2 electric eels (D:7)
  2 centaur zombies
  3 crimson imps
  9 human zombies
  4 orc priests
  A bullfrog skeleton (D:6)
  A jelly (D:6)
  6 orc wizards
  2 iguanas
  10 worker ants
  Natasha (twice) (D:2)
  A big kobold zombie (Ossuary)
  A hound zombie (D:7)
  4 mummies
  A howler monkey zombie (D:5)
  Robin (D:4)
  10 gnolls
  6 adders
  A shadow imp (D:8)
  A white imp (D:5)
  3 oozes
  A worm (D:2)
  11 dart slugs
  2 leopard geckos
  16 orcs
  7 bats
  4 giant cockroaches
  A gnoll zombie (Ossuary)
  12 hobgoblins
  9 jackals
  3 kobolds
  3 quokkas
  3 ball pythons
  4 frilled lizards
  17 goblins
  A goblin skeleton (D:5)
  A goblin zombie (D:5)
  3 hobgoblin zombies
  A jackal zombie (D:5)
  A kobold skeleton (D:5)
  A kobold zombie (D:5)
  2 orc skeletons (D:5)
  3 orc zombies
  9 rats
206 creatures vanquished.

Notes
Turn   | Place    | Note
-------+----------+-------------------------------------------
     0 | D:1      | poirepourri the Deep Dwarf Fighter began the quest for the Orb.
     0 | D:1      | Reached XP level 1. HP: 20/20 MP: 1/1
   128 | D:1      | Reached skill level 3 in Axes
   128 | D:1      | Reached XP level 2. HP: 24/27 MP: 2/2
   604 | D:2      | Reached XP level 3. HP: 24/33 MP: 3/3
   783 | D:2      | Reached skill level 4 in Axes
   861 | D:2      | Noticed Natasha
   877 | D:2      | Killed Natasha
  1073 | D:2      | Noticed Natasha
  1081 | D:2      | Killed Natasha
  1081 | D:2      | Reached skill level 5 in Axes
  1081 | D:2      | Reached XP level 4. HP: 37/40 MP: 4/4
  1602 | D:3      | Reached XP level 5. HP: 37/46 MP: 5/5
  2080 | D:4      | Found a glowing golden altar of the Shining One.
  2109 | D:4      | Reached skill level 6 in Axes
  2173 | D:4      | Noticed an ogre
  2184 | D:4      | Killed an ogre
  2184 | D:4      | Reached skill level 7 in Axes
  2184 | D:4      | Reached XP level 6. HP: 33/55 MP: 6/6
  2455 | D:4      | Noticed Robin
  2466 | D:4      | Killed Robin
  2630 | D:4      | Reached skill level 8 in Axes
  2795 | D:5      | Entered Level 5 of the Dungeon
  2795 | D:5      | Noticed an ice beast
  2808 | D:5      | Killed an ice beast
  2808 | D:5      | Reached XP level 7. HP: 42/61 MP: 6/6
  2834 | D:5      | Found a sand-covered staircase.
  2883 | D:5      | Reached skill level 9 in Axes
  2905 | D:5      | Found a glowing golden altar of the Shining One.
  2942 | Ossuary  | Entered an ossuary
  3473 | D:5      | Reached skill level 10 in Axes
  3721 | D:6      | Reached XP level 8. HP: 48/69 MP: 7/7
  3849 | D:6      | Noticed Menkaure
  3856 | D:6      | Killed Menkaure
  3856 | D:6      | Reached skill level 5 in Fighting
  4438 | D:6      | Found a staircase to the Ecumenical Temple.
  4794 | Temple   | Entered the Ecumenical Temple
  5138 | D:7      | Gained mutation: You passively map the area around you. [Deep Dwarf growth]
  5138 | D:7      | Reached XP level 9. HP: 52/86 MP: 8/8
  5417 | D:7      | Got a pair of polished gloves
  5453 | D:7      | Identified the cursed -6 pair of gloves of the Hills {rF++ Int+6 SInv} (You found it on level 7 of the Dungeon)
  5893 | D:7      | Found an ancient bone altar of Kikubaaqudgha.
  5987 | D:8      | Noticed Joseph
  6138 | D:8      | HP: 2/93 [ice beast (11)]
  6139 | D:8      | Mangled by an ice beast

Skill      XL: |  1  2  3  4  5  6  7  8  9 |
---------------+----------------------------+-----
Axes           | 3 5 7 8 10 | 10.2
Fighting       | 3 7 9 |  9.7
Armour         | |  3.2
Shields        | |  3.2

Action                   |  1- 3 |  4- 6 |  7- 9 || total
-------------------------+-------+-------+-------++-------
Melee: War axe           |   102 |   189 |   407 ||   698
 Abil: Heal Wounds       |     1 |     3 |     8 ||    12
Evoke: Wand              |       |       |    14 ||    14
  Use: Scroll            |     5 |     7 |    13 ||    25
       Potion            |     1 |     1 |    12 ||    14
  Eat: Ration            |     1 |     1 |     5 ||     7
       Chunk             |       |       |     2 ||     2
Armor: Scale mail        |    33 |    56 |   101 ||   190
Dodge: Dodged            |    36 |    47 |    74 ||   157
Block: Shield            |    54 |    99 |   187 ||   340
